 Dungeon Crawl Stone Soup version 0.30-a0-371-gad7725a93e (webtiles) character file.

Game seed: 3745600426960545676

7097 billz999 the Skirmisher (level 11, 0/129 HPs)
             Began as a Gnoll Hunter on Nov 23, 2022.
             Was a Believer of Kikubaaqudgha.
             Slain by a vampire (9 damage)
             ... on level 9 of the Dungeon.
             The game lasted 00:21:00 (9585 turns).

billz999 the Skirmisher (Gnoll Hunter)              Turns: 9585, Time: 00:21:00

Health: 0/129      AC: 25    Str: 16    XL:     11   Next: 9%
Magic:  20/20      EV:  2    Int: 14    God:    Kikubaaqudgha [**....]
Gold:   438        SH:  0    Dex: 15    Spells: 22/22 levels left

rFire   . . .      SeeInvis .    U - +2 sling (freeze)
rCold   . . .      Faith    .    (no shield)
rNeg    . . .      Spirit   .    (body armour currently unavailable)
rPois   +          Reflect  .    (helmet currently unavailable)
rElec   .          Harm     .    (cloak currently unavailable)
rCorr   .          Rampage  .    (gloves currently unavailable)
Will    .....      NoTele   +    (boots currently unavailable)
Stlth   +++.......               s - amulet of the acrobat
HPRegen 0.41/turn                t - +6 ring of intelligence
MPRegen 0.17/turn                K - +4 ring of evasion

@: tree-form, invisible
A: stationary, stasis, torment immunity, boosted hp, (fangs 1), strong nose,
distributed training, (cold resistance 1), wild magic 1
a: Renounce Religion, Unearth Wretches


You were on level 9 of the Dungeon.
You worshipped Kikubaaqudgha.
Kikubaaqudgha was pleased with you.
You were a tree.
You visited 1 branch of the dungeon, and saw 9 of its levels.

You collected 438 gold pieces.

Inventory:

Hand Weapons
 a - a +0 shortbow
 E - a +0 war axe of flaming
 J - a +2 vorpal scimitar
 R - a +1 dagger of speed
 U - a +2 sling of freezing (weapon)
Missiles
 f - 25 poisoned darts
 w - 2 atropa-tipped darts
Armour
 c - a +1 leather armour
 N - a -2 helmet
 O - a -2 hat
 P - the +18 Lear's hauberk (melded)
   (You found it on level 7 of the Dungeon)
Magical Staves
 G - a staff of poison
Jewellery
 s - an amulet of the acrobat (around neck)
 t - a +6 ring of intelligence (left branch)
 z - a ring of willpower
 K - a +4 ring of evasion (right branch)
 Q - a ring of ice
Wands
 k - a wand of polymorph (2)
 B - a wand of mindburst (11)
 I - a wand of roots (3)
 S - a wand of flame (19)
Scrolls
 b - a scroll of immolation
 d - a scroll of summoning {unknown}
 g - 3 scrolls of enchant armour
 j - 2 scrolls of amnesia {unknown}
 q - 6 scrolls of teleportation {unknown}
 r - a scroll of brand weapon {unknown}
 y - 3 scrolls of fog
 C - 4 scrolls of identify
 D - 3 scrolls of poison {unknown}
 H - a scroll of magic mapping {unknown}
 L - a scroll of blinking {unknown}
 M - a scroll of noise {unknown}
 T - a scroll of torment {unknown}
Potions
 i - a potion of berserk rage {unknown}
 l - 3 potions of curing
 m - a potion of degeneration {unknown}
 n - 2 potions of lignification
 o - a potion of might {unknown}
 p - a potion of resistance {unknown}
 u - a potion of flight {unknown}
 v - 2 potions of brilliance {unknown}
 x - a potion of haste {unknown}
 A - 4 potions of heal wounds {unknown}
 F - a potion of attraction {unknown}


   Skills:
 + Level 7.8 Fighting
 + Level 6.2 Short Blades
 + Level 6.2 Long Blades
 + Level 6.2 Axes
 + Level 6.2 Maces & Flails
 + Level 6.2 Polearms
 + Level 6.2 Staves
 + Level 10.5 Ranged Weapons
 + Level 6.2 Throwing
 + Level 6.2 Armour
 + Level 7.8 Dodging
 + Level 6.6 Stealth
 + Level 6.2 Shields
 + Level 6.2 Unarmed Combat
 + Level 6.2 Spellcasting
 + Level 5.1 Conjurations
 + Level 5.1 Hexes
 + Level 5.1 Summonings
 + Level 5.1 Necromancy
 + Level 5.1 Translocations
 + Level 5.1 Transmutations
 + Level 5.1 Fire Magic
 + Level 5.1 Ice Magic
 + Level 5.1 Air Magic
 + Level 5.1 Earth Magic
 + Level 5.1 Poison Magic
 + Level 6.8 Invocations
 + Level 6.2 Evocations


You had 22 spell levels left.
You didn't know any spells.
Your spell library contained the following spells:

 Spells                   Type           Power      Damage    Failure   Level
 Necrotise                Necr           96%        1d8       3%          1
 Sting                    Tmut/Pois      96%        1d7       3%          1
 Cigotuvi's Dreadful Rot  Necr/Pois/Air  48%        N/A       4%          2
 Ensorcelled Hibernation  Hex/Ice        48%        N/A       4%          2
 Poisonous Vapours        Pois/Air       48%        N/A       4%          2
 Spider Form              Tmut/Pois      24%        N/A       9%          3
 Stone Arrow              Conj/Erth      48%        3d10      9%          3
 Vampiric Draining        Necr           24%        2d7       9%          3
 Anguish                  Hex/Necr       12%        N/A       26%         4
 Animate Armour           Summ/Erth      48%        N/A       26%         4
 Animate Dead             Necr           24%        N/A       26%         4
 Olgreb's Toxic Radiance  Pois           24%        N/A       26%         4
 Agony                    Necr           24%        N/A       54%         5
 Lehudib's Crystal Spear  Conj/Erth      12%        10d4      100%        8


Dungeon Overview and Level Annotations

Branches:
Dungeon (9/15)             Temple (0/1) D:7
   Lair: D:8-11         Orc: D:9-12

Altars:
Kikubaaqudgha
Makhleb
Okawaru
Yredelemnul


Innate Abilities, Weirdness & Mutations

You are a tree.
Your roots penetrate the ground, keeping you stationary.
You cannot be teleported.
You are immune to unholy pain and torment.
Your maximum health is greatly increased.
Your equipment is partially melded.
((You have very sharp teeth.))
Your uncanny sense of smell can sniff out nearby items.
Your experience applies equally to all skills.
((Your flesh is cold resistant. (rC+)))
Your spells are a little harder to cast, but a little more powerful.


Message History

Press: ? - help, Shift-Dir - straight line You shoot a sling bullet.
Something hits you but does no damage. Something bites you but does no damage.
Aiming: Mindburst
Press: ? - help, Shift-Dir - straight line Something's mind is blasted!!
Something draws life force from you!
* * * LOW HITPOINT WARNING * * *
Unknown command.
It was a potion of invisibility.
You fade into invisibility!
Something hits you but does no damage. Something bites you.
* * * LOW HITPOINT WARNING * * *
Something draws strength from your injuries!
It was a potion of mutation.
You feel extremely strange.
You feel weaker.
You feel stronger.
You feel resistant to cold.
You feel less in control of your magic.
* * * LOW HITPOINT WARNING * * *
Unknown command.
You feel better. Something hits you!
* * * LOW HITPOINT WARNING * * *
Something bites you but does no damage.
You feel better. Something hits you.
* * * LOW HITPOINT WARNING * * *
Something bites you but does no damage.
You feel better. Something hits you!
* * * LOW HITPOINT WARNING * * *
Something bites you!
* * * LOW HITPOINT WARNING * * *
Something draws strength from your injuries!
Unknown command.
You feel better. Something hits you.
* * * LOW HITPOINT WARNING * * *
Something bites you but does no damage.
As you read the scroll labelled NACAVV BITUS, it crumbles to dust.
It is a scroll of identify.
y - 3 scrolls of fog Something hits you!
You die...
Kikubaaqudgha rasps: "You have failed me!
Welcome... death!"

#..### ∆∆ ##.... ##...
###Y... ###..###.
####++#### ##...## .
#........#### ###..###
#.........#########<..##
#.........{♣......###
##...##########..##
##...## ##.## #...##
#..# ##..## #..# ##.)##
#..# ###))## #..# ##..##
##.####### ...##
#.....<.###


There were no monsters in sight!

Vanquished Creatures
  A hydra (D:8)
  A two-headed ogre (D:8)
  A death yak (D:8)
  Maggie (D:6)
  A troll (D:7)
  2 dream sheep (D:7)
  9 yaks
  2 steam dragons
  Edmund (D:4)
  A sky beast (D:8)
  3 ice beasts
  2 black bears (D:6)
  An orc warrior (D:7)
  2 ogres (D:5)
  A phantom (D:5)
  3 kobold brigands
  Blork the orc (D:6)
  A gnoll sergeant (D:8)
  3 scorpions
  3 bullfrogs
  3 necrophages
  3 wights
  4 howler monkeys
  A bullfrog zombie (D:6)
  A centaur zombie (D:6)
  4 jellies
  2 hounds
  An orc priest (D:7)
  9 iguanas
  4 orc wizards
  5 gnolls (D:8)
  8 adders
  A white imp (D:6)
  2 ufetubi (D:5)
  2 dart slugs
  18 orcs
  7 ball pythons
  6 endoplasms
  4 giant cockroaches
  7 goblins
  8 hobgoblins
  3 jackals (D:1)
  6 kobolds
  10 quokkas
  7 bats
  6 frilled lizards
  8 rats
180 creatures vanquished.

Vanquished Creatures (others)
  5 plants
  A withered plant (D:5)
6 creatures vanquished.

Grand Total: 186 creatures vanquished

Notes
Turn   | Place    | Note
-------+----------+-------------------------------------------
     0 | D:1      | billz999 the Gnoll Hunter began the quest for the Orb.
     0 | D:1      | Reached XP level 1. HP: 20/20 MP: 1/1
   128 | D:1      | Reached XP level 2. HP: 26/26 MP: 2/2
   305 | D:1      | Reached XP level 3. HP: 31/31 MP: 3/3
   410 | D:1      | Reached skill level 1 in Invocations
  1033 | D:2      | Reached skill level 1 in Short Blades
  1033 | D:2      | Reached skill level 1 in Long Blades
  1033 | D:2      | Reached skill level 1 in Axes
  1033 | D:2      | Reached skill level 1 in Maces & Flails
  1033 | D:2      | Reached skill level 1 in Polearms
  1033 | D:2      | Reached skill level 1 in Staves
  1033 | D:2      | Reached skill level 1 in Throwing
  1033 | D:2      | Reached skill level 1 in Armour
  1033 | D:2      | Reached skill level 1 in Shields
  1033 | D:2      | Reached skill level 1 in Unarmed Combat
  1033 | D:2      | Reached skill level 1 in Spellcasting
  1033 | D:2      | Reached skill level 1 in Evocations
  1388 | D:3      | Reached XP level 4. HP: 38/38 MP: 5/5
  1532 | D:3      | Reached skill level 1 in Conjurations
  1532 | D:3      | Reached skill level 1 in Hexes
  1532 | D:3      | Reached skill level 1 in Summonings
  1532 | D:3      | Reached skill level 1 in Necromancy
  1532 | D:3      | Reached skill level 1 in Translocations
  1532 | D:3      | Reached skill level 1 in Transmutations
  1532 | D:3      | Reached skill level 1 in Fire Magic
  1532 | D:3      | Reached skill level 1 in Ice Magic
  1532 | D:3      | Reached skill level 1 in Air Magic
  1532 | D:3      | Reached skill level 1 in Earth Magic
  1532 | D:3      | Reached skill level 1 in Poison Magic
  2063 | D:4      | Noticed an ice beast
  2212 | D:4      | Noticed Edmund
  2289 | D:4      | Noticed a scorpion
  2298 | D:3      | Reached XP level 5. HP: 30/43 MP: 7/7
  3074 | D:4      | Killed Edmund
  3075 | D:4      | Reached skill level 5 in Fighting
  3075 | D:4      | Reached skill level 5 in Dodging
  3075 | D:4      | Reached XP level 6. HP: 51/51 MP: 7/9
  3274 | D:4      | Killed an ice beast
  3466 | D:5      | Entered Level 5 of the Dungeon
  3508 | D:5      | Reached XP level 7. HP: 56/56 MP: 10/10
  3580 | D:5      | Found an ancient bone altar of Kikubaaqudgha.
  3602 | D:5      | Became a worshipper of Kikubaaqudgha
  3721 | D:5      | Reached skill level 9 in Ranged Weapons
  4130 | D:5      | Reached XP level 8. HP: 52/63 MP: 12/12
  5390 | D:6      | Reached * piety under Kikubaaqudgha
  5390 | D:6      | Received a gift from Kikubaaqudgha
  5507 | D:6      | Noticed Blork the orc
  5507 | D:6      | Noticed Maggie
  5516 | D:6      | Killed Maggie
  5517 | D:6      | Reached XP level 9. HP: 69/69 MP: 13/15
  5528 | D:6      | Killed Blork the orc
  5850 | D:6      | Found a basalt altar of Yredelemnul.
  6361 | D:7      | Noticed a troll
  6377 | D:7      | Killed a troll
  6378 | D:7      | Reached skill level 5 in Stealth
  6590 | D:7      | Reached skill level 5 in Invocations
  6621 | D:7      | Found the +18 Lear's hauberk
  7114 | D:7      | Found a staircase to the Ecumenical Temple.
  7231 | D:7      | Found a burning altar of Makhleb.
  7378 | D:8      | Reached skill level 5 in Short Blades
  7378 | D:8      | Reached skill level 5 in Long Blades
  7378 | D:8      | Reached skill level 5 in Axes
  7378 | D:8      | Reached skill level 5 in Maces & Flails
  7378 | D:8      | Reached skill level 5 in Polearms
  7378 | D:8      | Reached skill level 5 in Staves
  7378 | D:8      | Reached skill level 5 in Throwing
  7378 | D:8      | Reached skill level 5 in Armour
  7378 | D:8      | Reached skill level 5 in Shields
  7378 | D:8      | Reached skill level 5 in Unarmed Combat
  7378 | D:8      | Reached skill level 5 in Spellcasting
  7378 | D:8      | Reached skill level 5 in Evocations
  7378 | D:8      | Reached XP level 10. HP: 77/77 MP: 17/17
  7380 | D:8      | Noticed a two-headed ogre
  7586 | D:7      | Reached skill level 10 in Ranged Weapons
  7784 | D:8      | Killed a two-headed ogre
  8379 | D:8      | Found an iron altar of Okawaru.
  8534 | D:8      | Noticed a two-headed hydra
  8561 | D:8      | Killed a two-headed hydra
  8658 | D:7      | Reached ** piety under Kikubaaqudgha
  9125 | D:9      | Noticed a death yak
  9129 | D:9      | Noticed a death yak
  9129 | D:9      | Noticed a death yak
  9130 | D:9      | Noticed a death yak
  9180 | D:8      | Killed a death yak
  9181 | D:8      | Reached skill level 5 in Conjurations
  9181 | D:8      | Reached skill level 5 in Hexes
  9181 | D:8      | Reached skill level 5 in Summonings
  9181 | D:8      | Reached skill level 5 in Necromancy
  9181 | D:8      | Reached skill level 5 in Translocations
  9181 | D:8      | Reached skill level 5 in Transmutations
  9181 | D:8      | Reached skill level 5 in Fire Magic
  9181 | D:8      | Reached skill level 5 in Ice Magic
  9181 | D:8      | Reached skill level 5 in Air Magic
  9181 | D:8      | Reached skill level 5 in Earth Magic
  9181 | D:8      | Reached skill level 5 in Poison Magic
  9181 | D:8      | Reached XP level 11. HP: 33/85 MP: 20/20
  9580 | D:9      | Gained mutation: You are weak. (Str -2) [potion of
                  | mutation]
  9580 | D:9      | Lost mutation: You are weak. (Str -2) [potion of mutation]
  9580 | D:9      | Gained mutation: Your flesh is cold resistant. (rC+)
                  | [potion of mutation]
  9580 | D:9      | Gained mutation: Your spells are a little harder to cast,
                  | but a little more powerful. [potion of mutation]
  9580 | D:9      | HP: 2/129 [something (15)]
  9585 | D:9      | Slain by a vampire

Illustrated notes

Levels and vault maps discovered:
D:1:      psy_arrival_dodecagon, layout_basic, minmay_tiny_reverse_x
D:2:      layout_basic, serial_bayou_lagoon_a
D:3:      layout_basic, minmay_goblin_kobold_house
D:4:      layout_basic, uniq_edmund
D:5:      minmay_opposing_rooms, layout_basic, kiku_gazebo_garden_becter
D:6:      black_bear_nest_2, layout_basic, lemuel_zombie_altar_yredelemnul,
          uniq_blork_the_orc, uniq_maggie
D:7:      layout_rooms, lemuel_doored_altar, minmay_temple_entry_hall,
          hex_intersection, hellmonk_guarded_unrand_lears
D:8:      layout_rooms, mainiacjoe_overflow_24_doors, hangedman_ranch
D:9:      layout_cave_pods, dpeg_lair_monsters, orc_0_dummy,
          nicolae_blasting_shop, kennysheep_generic_room_7

Skill      XL: |  1  2  3  4  5  6  7  8  9 10 |
---------------+-------------------------------+-----
Invocations    | 1 2 3 4 5 6 |  6.8
Short Blades   | 1 2 3 4 5 6 |  6.2
Long Blades    | 1 2 3 4 5 6 |  6.2
Axes           | 1 2 3 4 5 6 |  6.2
Maces & Flails | 1 2 3 4 5 6 |  6.2
Polearms       | 1 2 3 4 5 6 |  6.2
Staves         | 1 2 3 4 5 6 |  6.2
Throwing       | 1 2 3 4 5 6 |  6.2
Armour         | 1 2 3 4 5 6 |  6.2
Shields        | 1 2 3 4 5 6 |  6.2
Unarmed Combat | 1 2 3 4 5 6 |  6.2
Spellcasting   | 1 2 3 4 5 6 |  6.2
Evocations     | 1 2 3 4 5 6 |  6.2
Conjurations   | 1 2 3 4 5 |  5.1
Hexes          | 1 2 3 4 5 |  5.1
Summonings     | 1 2 3 4 5 |  5.1
Necromancy     | 1 2 3 4 5 |  5.1
Translocations | 1 2 3 4 5 |  5.1
Transmutations | 1 2 3 4 5 |  5.1
Fire Magic     | 1 2 3 4 5 |  5.1
Ice Magic      | 1 2 3 4 5 |  5.1
Air Magic      | 1 2 3 4 5 |  5.1
Earth Magic    | 1 2 3 4 5 |  5.1
Poison Magic   | 1 2 3 4 5 |  5.1
Stealth        | 3 4 5 6 |  6.6
Fighting       | 5 6 7 |  7.8
Dodging        | 5 6 7 |  7.8
Ranged Weapons | 9 10 | 10.5

Action                   |  1- 3 |  4- 6 |  7- 9 | 10-12 || total
-------------------------+-------+-------+-------+-------++-------
Melee: Sling             |       |       |       |     3 ||     3
 Fire: Shortbow          |    86 |   164 |   355 |    61 ||   666
       Sling             |       |       |       |   200 ||   200
Throw: Dart              |       |    37 |    21 |    10 ||    68
       Throwing net      |       |       |       |     1 ||     1
Evoke: Wand              |       |       |    11 |    21 ||    32
  Use: Scroll            |       |     3 |       |     1 ||     4
       Potion            |       |       |       |     8 ||     8
Armor: Leather armour    |     4 |    21 |    64 |       ||    89
       Skin              |       |    17 |       |    13 ||    30
       Chain mail        |       |       |    51 |   184 ||   235
Dodge: Dodged            |    20 |    54 |   235 |   209 ||   518

Table legend: (Time is in decaauts)
 A = Elapsed time spent in this place.
 B = Non-inter-level travel time spent in this place.
 C = Inter-level travel time spent in this place.
 D = Time resting spent in this place.
 E = Time spent auto-exploring this place.
 F = Levels seen in this place.
 G = Mean time per level.
                   A        B        C        D        E       F      G
               +--------+--------+--------+--------+--------+-----+--------+
         Total |   9743 |   8700 |   1043 |    432 |   6569 |   9 | 1082.6 |
       Dungeon |   9743 |   8700 |   1043 |    432 |   6569 |   9 | 1082.6 |
               +--------+--------+--------+--------+--------+-----+--------+

Top non-repeatable levels by time:
     D:5: 1771 daAuts
     D:7: 1408 daAuts
     D:6: 1351 daAuts
     D:8: 1342 daAuts
     D:4: 1258 daAuts
     D:3: 890 daAuts
     D:1: 879 daAuts
     D:2: 570 daAuts
     D:9: 270 daAuts
